 Dungeon Sprint DCSS version 0.19-a0-1922-g1e9a4c1 (webtiles) character file.

0 esc the Sneak (level 1, -1/8 (9) HPs)
             Began as a Spriggan Enchanter on Oct 24, 2016.
             Slain by a necrophage (3 damage)
             ... in the Dungeon (Sprint II: "The Violet Keep of Menkaure").
             The game lasted 00:00:44 (18 turns).

esc the Sneak (Spriggan Enchanter)                    Turns: 18, Time: 00:00:45

HP:   -1/8 (9)      AC:  3    Str:  4    XL:     1   Next: 0%
MP:   5/5           EV: 18    Int: 16    God:
Gold: 0             SH:  0    Dex: 16    Spells: 1 memorised, 4 levels left

rFire  . . .     SeeInvis +     a - +1 dagger
rCold  . . .     Gourm    .     b - +1 robe
rNeg   . . .     Faith    .     (shield restricted)
rPois  .         Spirit   .     (helmet restricted)
rElec  .         Reflect  .     (no cloak)
rCorr  .         Harm     .     (gloves unavailable)
MR     .....     NoTele   +     (boots unavailable)
Stlth  +++.......               (no amulet)
                                (no ring)
                                (no ring)

@: very quick
A: unfitting armour, see invisible, herbivore 3, speed 3, slow metabolism 2
a: no special abilities


You were in the Dungeon.
You were not hungry.

You visited 1 branch

Inventory:

Hand Weapons
 a - a +1 dagger (weapon)
Armour
 b - a +1 robe (worn)
Scrolls
 j - a scroll of blinking {!r}
Potions
 e - a potion of curing
 f - a potion of heal wounds
 g - a potion of haste
 h - 2 potions of magic
 i - a potion of berserk rage {!q}
Books
 c - a book of Maledictions
Comestibles
 d - a bread ration {@e1}


   Skills:
 + Level 0.0 Fighting
 + Level 1.1 Short Blades
 + Level 3.0 Dodging
 + Level 4.4 Stealth
 + Level 2.6 Spellcasting
 + Level 3.6 Hexes


You had 4 spell levels left.
You knew the following spells:

 Your Spells              Type           Power        Failure   Level  Hunger
v - Corona                Hex            ##.....      6%          1    #......


Dungeon Overview and Level Annotations

Branches:
Dungeon (1/1)

Altars:


Innate Abilities, Weirdness & Mutations

You are very small and have problems with some larger weapons.
You are too small for most types of armour.
You have supernaturally acute eyesight. (SInv)
You are a herbivore.
You cover ground extremely quickly.
You need consume almost no food.


Message History

Welcome, esc the Spriggan Enchanter.
Found a staircase leading out of the dungeon.
You open the door. 3 worms come into view.
There is an open door here.
You open the door. 2 hippogriffs come into view.
The hippogriff screeches! x2
As you close the door, it creaks loudly!
You open the door.
A siren comes into view. It is wielding a spear.
You close the door.
The worm misses you.
You open the door. 4 necrophages come into view.
There is an open door here.
The helpless necrophage fails to defend itself.
You impale the necrophage!! The necrophage closely misses you.
The necrophage completely misses you.
You barely miss the necrophage. The necrophage misses you.
The necrophage hits you.
Ouch! That really hurt!
You feel your flesh rotting away! The necrophage completely misses you.
You take 5 damage, and have 4/8 hp.
MASSIVE DAMAGE!!
You barely miss the necrophage. The necrophage misses you. x2
The necrophage closely misses you.
Unknown command.
You hit the necrophage but do no damage.
The necrophage completely misses you. The necrophage barely misses you.
The necrophage hits you.
* * * LOW HITPOINT WARNING * * *
Unknown command.
You take 2 damage, and have 2/8 hp.
MASSIVE DAMAGE!!
You completely miss the necrophage. The necrophage completely misses you.
The necrophage closely misses you. The necrophage hits you.
You die...

## ## .##
#.# ..# #
#.#.# ## #.
#'# #n##
#H##.##...#
#+.wwn##$+
#H##.##@n.#
#. #+###n##
# .$. ##
..#m. ##.
.## ## ##


You could see 3 necrophages and 2 worms.

Vanquished Creatures (others)
  Menkaure (D)
1 creature vanquished.

Notes
Turn   | Place    | Note
-------+----------+-------------------------------------------
     0 | D        | esc the Spriggan Enchanter began the quest for the Orb.
     0 | D        | Reached XP level 1. HP: 9/9 MP: 5/5
     5 | D        | Noticed a hippogriff
     5 | D        | Noticed a hippogriff
     8 | D        | Noticed a siren
    11 | D        | Noticed a necrophage
    11 | D        | Noticed a necrophage
    11 | D        | Noticed a necrophage
    11 | D        | Noticed a necrophage
    17 | D        | Killed Menkaure
    17 | D        | HP: 2/8 [necrophage (2)]
    18 | D        | Slain by a necrophage

Vault maps used:
D:        the_violet_keep_of_menkaure

Action                   || total
-------------------------++-------
Melee: Dagger            ||     5
 Stab: Sleeping          ||     1
Dodge: Dodged            ||    12

Vault maps used:
D:        the_violet_keep_of_menkaure

Table legend:
 A = Turns spent in this place as a percentage of turns spent in the entire game.
 B = Non-inter-level travel turns spent in this place as a percentage of non-inter-level travel turns spent in the entire game.
 C = Inter-level travel turns spent in this place as a percentage of turns spent in this place.
 D = Turns resting spent in this place as a percentage of non-inter-level travel turns spent in this place.
 E = Turns spent auto-exploring this place as a percentage of non-inter-level travel turns spent in this place.
 F = Non-inter-level travel turns spent in this place divided by the number of levels of this place that you've seen.
                   A       B       C       D       E      F
               +-------+-------+-------+-------+-------+----------------------
         Total | 100.0 | 100.0 |   0.0 |   0.0 |   0.0 |  21.0
       Dungeon | 100.0 | 100.0 |   0.0 |   0.0 |   0.0 |  21.0
               +-------+-------+-------+-------+-------+----------------------
